AoeStats
← LM | TornardoBriese

Arena

510337449Analyzed
1v1 RM · 1d ago on Sep 30, 2026· 59m 11s· 2 players
Game mode
Random Map
Map size
Tiny (2 player)
Population
200
Speed
Normal
Resources
Standard
Victory
Conquest
Starting age
Dark Age
Ending age
Imperial Age
RankedLock teamsTeams togetherTeam positionsShared explorationLock speedFull tech treeHidden civsTurbo modeCheats
Victory
Defeat
🇨🇭 Turks · Switzerland
1179
+17
🇷🇺 Poles · Russia
1204
-17
LM | TornardoBriese
12:09 Feudal Age
10:32 Loom
12:18 Feudal Age
16:23 Castle Age
17:06 Fletching
20:41 Double-Bit Axe
29:07 Imperial Age
26:50 Gold Mining
28:54 Bow Saw
31:44 Wheelbarrow
33:10 Scale Barding Armor
39:41 Padded Archer Armor
41:20 Bloodlines
41:11 Husbandry
41:28 Hand Cart
43:14 Thumb Ring
45:51 Two-Man Saw
44:39 Town Watch
44:59 Horse Collar
46:08 Chain Barding Armor
45:59 Forging
47:28 Heavy Plow
47:44 Bodkin Arrow
48:26 Heavy Cavalry Archer
49:26 Leather Archer Armor
49:14 Bracer
50:21 Parthian Tactics
50:37 Leather Archer Armor
51:37 Sipahi
52:44 Ring Archer Armor
52:48 Ballistics
53:38 Plate Barding Armor
55:04 Iron Casting
58:10 Conscription
you_wee_see
6:21 Loom
8:59 Feudal Age
9:42 Double-Bit Axe
11:57 Horse Collar
13:25 Town Watch
17:44 Fletching
22:43 Castle Age
21:15 Stone Mining
23:41 Bow Saw
23:45 Bodkin Arrow
27:08 Crossbowman
32:40 Imperial Age
32:26 Scale Barding Armor
33:45 Chain Barding Armor
32:47 Light Cavalry
34:03 Bloodlines
34:05 Forging
36:45 Iron Casting
38:35 Blast Furnace
42:26 Bracer
41:50 Arbalester
43:11 Gold Mining
43:30 Husbandry
45:23 Chemistry
48:18 Ballistics
49:08 Padded Archer Armor
50:03 Winged Hussar
52:11 Wheelbarrow
52:55 Leather Archer Armor
53:50 Capped Ram
Connection lost

Rejoining the realm…

Still unreachable

The connection could not be restored.

Session expired

The server has moved on; the page needs a fresh start.